 Dungeon Crawl Stone Soup version 0.22-a0-571-g4a923d4 (webtiles) character file.

620 iamserjio the Shield-Bearer (level 7, -1/44 HPs)
             Began as a Gargoyle Fighter on July 1, 2018.
             Killed by nerve-wracking pain
             ... invoked by an orc priest
              (3 damage)
             ... on level 4 of the Dungeon.
             The game lasted 00:05:28 (795 turns).

iamserjio the Shield-Bearer (Gargoyle Fighter)       Turns: 795, Time: 00:05:30

Health: -1/44      AC: 18    Str: 19    XL:     7   Next: 46%
Magic:  7/7        EV:  4    Int:  9    God:
Gold:   45         SH: 10    Dex: 11    Spells: 6/6 levels left

rFire    . . .     SeeInvis .   a - +0 war axe
rCold    . . .     Gourm    .   c - +0 shield
rNeg     + . .     Faith    .   m - +0 plate armour
rPois    ∞         Spirit   .   k - +0 helmet
rElec    +         Reflect  .   (no cloak)
rCorr    .         Harm     .   (no gloves)
MR       +....                  (no boots)
Stlth    ..........             e - amulet of the acrobat
HPRegen  0.14/turn              l - ring of protection from magic
MPRegen  0.10/turn              (no ring)

@: no status effects
A: negative energy resistance 1, electricity resistance, unbreathing,
petrification resistance, rot immunity, AC +4
a: no special abilities


You were on level 4 of the Dungeon.
You were hungry.

You visited 1 branch of the dungeon, and saw 5 of its levels.

You collected 45 gold pieces.

Inventory:

Hand Weapons
 a - a +0 war axe (weapon)
 j - the +1 spear "Ewyitwu" {elec, SInv}
   (You found it on level 4 of the Dungeon)

   Occasionally, upon striking a foe, it will discharge some electrical energy
   and cause terrible harm.
   It lets you see invisible.
Armour
 b - a +0 scale mail
 c - a +0 shield (worn)
 k - a +0 helmet (worn)
 m - a +0 plate armour (worn)
Jewellery
 e - an amulet of the acrobat (around neck)
 l - a ring of protection from magic (left hand)
 o - a +2 ring of protection {unknown}
Scrolls
 i - a scroll of identify {@r1}
Potions
 d - 2 potions of might
 h - a potion of agility
Comestibles
 f - 5 rations
 n - 2 chunks of flesh


   Skills:
 + Level 5.4 Fighting
 + Level 3.8 Axes
 + Level 5.4 Armour
 + Level 5.4 Shields


You had 6 spell levels left.
You didn't know any spells.
Your spell library was empty.

Dungeon Overview and Level Annotations

Branches:
Dungeon (5/15)
 Temple: D:4-7

Altars:
Qazlal

Annotations:
D:2 Sigmund


Innate Abilities, Weirdness & Mutations

You are resistant to torment.
Your stone body is resilient. (AC +4)
You are immune to poison.
You resist negative energy. (rN+)
You are resistant to electric shocks. (rElec)
You can survive without breathing.
You are immune to petrification.
You are immune to rotting.


Message History

The orc is almost dead.
You slash the orc!
You kill the orc!
You hit the orc priest but do no damage.
You slash the orc!
You kill the orc!
An ogre comes into view. It is wielding a giant club.
The orc priest hits you but does no damage.
You hit the orc but do no damage.
Your shield and plate armour prevent you from hitting the orc priest.
The orc completely misses you.
The orc priest mumbles some strange prayers to Beogh against you.
Beogh smites you!
* * * LOW HITPOINT WARNING * * *
You hit the orc priest but do no damage.
You slash the orc!
You kill the orc!
The orc priest invokes the aid of Beogh against you.
Pain shoots through your body!
You die...

....##### #...#
.....)..###### #.#.#
.#..##..p....# #.(.#
....##.......# ##.##
(#.#.........# #.#
.p...#.......# #.#
.............# ###.###
..(.....#########.....#
....##### #...o@.###.#
.##.. #.##)#.# .# . ..
.O..... # ..
#.#######.. # .# #


You could see an ogre and an orc priest.

Vanquished Creatures
  Pikel (D:4)
  A slave (D:4)
  3 orc wizards (D:4)
  Robin (D:3)
  3 adders
  An ooze (D:3)
  2 worms (D:3)
  A dart slug (D:2)
  3 leopard geckos
  6 orcs (D:4)
  3 bats (D:1)
  2 giant cockroaches
  8 goblins (D:3)
  4 hobgoblins (D:3)
  11 jackals
  A ball python (D:3)
  3 frilled lizards
  2 kobolds
  5 rats
61 creatures vanquished.

Vanquished Creatures (others)
  An orc wizard (D:4)
  An orc (D:4)
  A goblin (D:3)
3 creatures vanquished.

Grand Total: 64 creatures vanquished

Notes
Turn   | Place    | Note
-------+----------+-------------------------------------------
     0 | D:1      | iamserjio the Gargoyle Fighter began the quest for the Orb.
     0 | D:1      | Reached XP level 1. HP: 14/14 MP: 1/1
   144 | D:2      | Noticed Sigmund
   175 | D:2      | Reached XP level 2. HP: 19/19 MP: 2/2
   312 | D:3      | Reached XP level 3. HP: 19/24 MP: 3/3
   330 | D:3      | Noticed Robin
   342 | D:3      | Killed Robin
   342 | D:3      | Reached XP level 4. HP: 3/29 MP: 4/4
   367 | D:3      | Found a stormy altar of Qazlal.
   576 | D:4      | Got a smoking spear
   577 | D:4      | Identified the +1 spear "Ewyitwu" {elec, SInv} (You found it on level 4 of the Dungeon)
   597 | D:4      | Reached XP level 5. HP: 11/33 MP: 5/5
   633 | D:4      | Noticed a slave
   633 | D:4      | Noticed a slave
   633 | D:4      | Noticed a slave
   633 | D:4      | Noticed Pikel
   634 | D:4      | Noticed a slave
   647 | D:4      | Killed a slave
   670 | D:4      | Killed Pikel
   670 | D:4      | Reached skill level 5 in Fighting
   670 | D:4      | Reached skill level 5 in Armour
   670 | D:4      | Reached skill level 5 in Shields
   670 | D:4      | Reached XP level 6. HP: 12/40 MP: 6/6
   670 | D:4      | Reached XP level 7. HP: 13/44 MP: 7/7
   697 | D:4      | HP: 1/44 [orc wizard/puff of frost (9)]
   741 | D:5      | Entered Level 5 of the Dungeon
   785 | D:4      | HP: 1/44 [orc priest/divine providence (12)]
   794 | D:4      | HP: 2/44 [orc priest/divine providence (8)]
   795 | D:4      | Killed from afar by an orc priest

Vault maps used:
D:1:      erik_arrival_orb_chamber
D:2:      nicolae_ru_the_path_less_chosen, first_ration,
          kennysheep_generic_room_3, uniq_sigmund
D:3:      old_standard_altar, ebering_ghost_sewer_d, uniq_robin
D:4:      roderic_nine_men_s_morris, uniq_natasha, uniq_pikel
D:5:      grunt_temple_overflow_open, serial_glass, glass_columns_b,
          glass_columns_c, uniq_edmund

Skill      XL: |  1  2  3  4  5 |
---------------+----------------+-----
Axes           | 2 3 |  3.8
Armour         | 4 5 |  5.4
Shields        | 4 5 |  5.4
Fighting       | 4 5 |  5.4

Action                   |  1- 3 |  4- 6 |  7- 9 || total
-------------------------+-------+-------+-------++-------
Melee: War axe           |    93 |   104 |    30 ||   227
       Spear             |       |    12 |       ||    12
  Use: Potion            |     2 |     2 |     1 ||     5
       Scroll            |       |     3 |       ||     3
 Stab: Invisible         |     2 |     2 |       ||     4
Armor: Scale mail        |    87 |    53 |       ||   140
       Plate armour      |       |    32 |    29 ||    61
Dodge: Dodged            |    46 |    39 |     8 ||    93
Block: Shield            |    73 |    78 |     9 ||   160

Table legend:
 A = Spawn XP
 B = Non-spawn XP
 C = Spawn XP percentage of total XP
 D = Spawn monster count
 E = Non-spawn monster count
 F = Spawn count percentage of total count
 G = Total turns spent on level
                    A         B        C        D         E        F      G
               +---------+---------+-------+---------+---------+-------+---------
         Total |       0 |     887 |   0.0 |       0 |      60 |   0.0 |   795
               +---------+---------+-------+---------+---------+-------+---------
           D:1 |       0 |       8 |   0.0 |       0 |       7 |   0.0 |   134
           D:2 |       0 |      21 |   0.0 |       0 |      10 |   0.0 |   150
           D:3 |       0 |      91 |   0.0 |       0 |      29 |   0.0 |   211
           D:4 |       0 |     767 |   0.0 |       0 |      14 |   0.0 |   278
               +---------+---------+-------+---------+---------+-------+---------
